 Dungeon Crawl Stone Soup version 0.32-a0-470-g255bbe2f98 (webtiles) character file.

Game seed: 17555728244845628692

97400 Conn the Thaumaturge (level 16, -7/103 HPs)
             Began as an Octopode Fire Elementalist on Feb 25, 2024.
             Was a High Priest of Sif Muna.
             Mangled by a swamp dragon (14 damage)
             ... on level 3 of the Swamp.
             The game lasted 01:32:46 (29558 turns).

Conn the Thaumaturge (Octopode Fire Elementalist)  Turns: 29558, Time: 01:32:47

Health: -7/103     AC:  7    Str:  5    XL:     16   Next: 19%
Magic:  3/49       EV: 22    Int: 23    God:    Sif Muna [*****.]
Gold:   949        SH:  5    Dex: 12    Spells: 3/37 levels left

rFire   + + .        m - staff of fire
rCold   . . .        (no shield)
rNeg    . . .        M - +2 hat
rPois   .            f - amulet of reflection
rElec   .            V - ring of magical power
rCorr   +            D - +5 ring of evasion
SInv    .            O - +4 ring of protection
Will    +....        Q - ring of protection from fire
Stlth   ++++++       T - ring "Vituafos" {Fly rCorr MP+9 Str-3 Stlth+}
HPRegen 0.37/turn    d - ring of wizardry
MPRegen 0.31/turn    (no ring)
                     (no ring)

%: reflection, wizardry (x1)
@: about to teleport, marked, flying, slowed, studying Dodging, very slow
A: almost no armour, amphibious, 8 rings, camouflage 2, gelatinous body 1,
(nimble swimmer 1), tentacles, clumsy 1, sense surroundings 1, noise suppression
a: Renounce Religion, Channel Magic, Forget Spell, Divine Exegesis


You were on level 3 of the Swamp.
You worshipped Sif Muna.
Sif Muna was extremely pleased with you.
You visited 5 branches of the dungeon, and saw 21 of its levels.

You collected 2233 gold pieces.
You spent 1284 gold pieces at shops.

Inventory:

Hand Weapons
 e - a +0 dagger
 l - a +3 dagger of flaming
 s - a +2 triple crossbow
 P - the +10 shortbow of Plunder {drain, rN++ rCorr Str+3 Dex-2}
   (You found it on level 3 of the Lair of Beasts)

   Str+3:     It affects your strength (+3).
   Dex-2:     It affects your dexterity (-2).
   rN++:      It greatly protects you from negative energy.
   rCorr:     It protects you from acid and corrosion.
Missiles
 w - 3 throwing nets
 B - 2 darts of dispersal
 H - 2 curare-tipped darts (quivered)
Armour
 M - a +2 hat (worn)
 S - a +3 kite shield
Magical Staves
 c - a staff of conjuration
 m - a staff of fire (weapon)
Jewellery
 d - a ring of wizardry (on tentacle)
 f - an amulet of reflection (around mantle)
 D - a +5 ring of evasion (right tentacle)
 J - an amulet of the acrobat
 O - a +4 ring of protection (on tentacle)
 Q - a ring of protection from fire (on tentacle)
 T - the ring "Vituafos" (on tentacle) {Fly rCorr MP+9 Str-3 Stlth+}
   (You found it on level 5 of the Lair of Beasts)

   [ring of flight]

   Str-3:     It affects your strength (-3).
   MP+9:      It affects your magic capacity (+9).
   Fly:       It grants you flight.
   rCorr:     It protects you from acid and corrosion.
   Stlth+:    It makes you more stealthy.
 V - a ring of magical power (left tentacle)
Wands
 E - a wand of digging (6)
 G - a wand of mindburst (21)
 I - a wand of paralysis (11)
 N - a wand of light (3)
 R - a wand of flame (40)
Scrolls
 k - 9 scrolls of revelation
 n - 6 scrolls of noise
 o - 4 scrolls of teleportation
 q - 3 scrolls of vulnerability
 r - a scroll of fear
 t - a scroll of amnesia
 y - a scroll of poison
 L - 2 scrolls of fog
 U - 3 scrolls of identify
Potions
 a - 5 potions of magic
 b - 6 potions of attraction
 g - a potion of cancellation
 h - 3 potions of might
 p - 3 potions of mutation
 v - a potion of enlightenment
 x - 6 potions of curing
 z - a potion of resistance
 A - a potion of brilliance
 C - a potion of lignification
 K - a potion of haste
Miscellaneous
 i - a box of beasts


   Skills:
 + Level 7.4 Fighting
 + Level 9.7 Dodging
 - Level 7.0 Stealth
 * Level 6.7 Shields
 * Level 11.3 Spellcasting
 + Level 11.0 Conjurations
 - Level 6.2 Hexes
 - Level 5.4 Summonings
 - Level 5.5 Translocations
 * Level 10.4 Fire Magic
 + Level 8.8 Air Magic
 + Level 2.5 Alchemy
 * Level 11.2 Invocations


You had 3 spell levels left.
You knew the following spells:

 Your Spells              Type           Power      Damage    Failure   Level
a - Foxfire               Conj/Fire      100%       2x1d9     1%          1
b - Scorch                Fire           100%       2d9       1%          2
c - Inner Flame           Hex/Fire       67%        N/A       1%          3
d - Flame Wave            Conj/Fire      76%        2d17      1%          4
e - Blink                 Tloc           76%        N/A       1%          2
f - Airstrike             Air            26%        2d(4-20)  1%          4
g - Summon Lightning Spi  Summ/Air       45%        N/A       1%          4
h - Swiftness             Air            52%        N/A       1%          3
i - Starburst             Conj/Fire      38%        6d11      4%          6
j - Irradiate             Conj/Alch      22%        3d19      3%          5

Your spell library contained the following spells:

 Spells                   Type           Power      Damage    Failure   Level
 Apportation              Tloc           76%        N/A       1%          1
 Magic Dart               Conj           100%       1d8       1%          1
 Slow                     Hex            100%       N/A       1%          1
 Call Imp                 Summ           76%        N/A       1%          2
 Cigotuvi's Dreadful Rot  Necr/Alch/Air  60%        N/A       1%          2
 Ensorcelled Hibernation  Hex/Ice        54%        N/A       1%          2
 Static Discharge         Conj/Air       100%       3-8/arc   1%          2
 Confusing Touch          Hex            41%        N/A       1%          3
 Dazzling Flash           Conj/Hex       100%       N/A       1%          3
 Gell's Gravitas          Tloc           38%        N/A       1%          3
 Sigil of Binding         Hex            41%        N/A       1%          3
 Teleport Other           Tloc           38%        N/A       1%          3
 Volatile Blastmotes      Fire/Tloc      100%       2d18      1%          3
 Sublimation of Blood     Necr           13%        N/A       3%          2
 Passwall                 Erth           13%        N/A       6%          3
 Vampiric Draining        Necr           13%        2d6       6%          3
 Dimensional Bullseye     Hex/Tloc       20%        N/A       1%          4
 Manifold Assault         Tloc           38%        N/A       1%          4
 Passage of Golubria      Tloc           38%        N/A       1%          4
 Summon Blazeheart Golem  Fire/Summ      65%        N/A       1%          4
 Vhi's Electric Charge    Tloc/Air       92%        N/A       1%          4
 Martyr's Knell           Necr/Summ      25%        N/A       6%          4
 Summon Forest            Summ/Tloc      19%        N/A       6%          5
 Olgreb's Toxic Radiance  Alch           24%        N/A       7%          4
 Petrify                  Alch/Erth      18%        N/A       12%         4
 Dispel Undead            Necr           13%        3d9       21%         4
 Dispersal                Tloc           19%        N/A       30%         6
 Malign Gateway           Summ/Tloc      19%        N/A       83%         7
 Ignition                 Fire           37%        3d11      86%         8
 Death Channel            Necr           6%         N/A       95%         6
 Maxwell's Capacitive Co  Air            26%        ∞         96%         8
 Ozocubu's Refrigeration  Ice            6%         4d8       100%        7
 Discord                  Hex            20%        N/A       100%        8


Dungeon Overview and Level Annotations

Branches:
Dungeon (10/15)            Temple (1/1) D:6            Lair (5/5) D:8
  Swamp (3/4) Lair:3       Spider (0/4) Lair:3        Slime (0/5) Lair:4
    Orc (2/2) D:10            Elf (0/3) Orc:2

Altars:
Ashenzari
Cheibriados
Dithmenos
Elyvilon
Fedhas
Gozag
Hepliaklqana
Kikubaaqudgha
Makhleb
Nemelex Xobeh
Okawaru
Qazlal
Ru
Sif Muna
Trog
Uskayaw
Vehumet
Wu Jian
Xom
Yredelemnul
Zin
The Shining One
Beogh

Shops:
D:1 !   D:3 ?   D:5 [(   D:7 :   Orc:2 [[[(:

Annotations:
Temple 2 transporters
Swamp:2 Roxanne


Innate Abilities, Weirdness & Mutations

You cannot wear most types of armour.
You are amphibious.
You can wear up to eight rings at the same time.
Your skin blends seamlessly with your surroundings (Stealth++).
Your rubbery body absorbs attacks. (AC +1, EV +1)
((You are camouflaged when in or above water. (Stealth+)))
You have tentacles for arms and can constrict up to eight enemies at once.
You are clumsy. (Dex -2)
You passively map a small area around you.
You passively dampen the noise of your surroundings.


Message History

* * * LOW HITPOINT WARNING * * *
2 foxfires come into view.
Okay, then.
Unknown command.
Unknown command.
You feel much better.
A root smacks your butterfly from below!!
Your butterfly dies!
Your butterfly disappears in a burst of colours!
Your butterfly is waved at by a branch.
A root smacks your butterfly from below!!
Your butterfly dies!
Your butterfly disappears in a burst of colours!
A root smacks your butterfly from below!
Your butterfly dies!
Your butterfly disappears in a burst of colours!
You feel roots moving beneath the ground.
A root smacks your butterfly from below!!
Your butterfly dies!
Your butterfly disappears in a burst of colours!
The foxfire hits your butterfly!
Your butterfly dies!
Your butterfly disappears in a burst of colours!
The foxfire hits your butterfly!!
Your butterfly dies!
Your butterfly disappears in a burst of colours!
Your butterfly is engulfed in poison gas.
Your butterfly is poisoned.
Your butterfly dies!
Your butterfly disappears in a burst of colours!
Your butterfly is engulfed in poison gas.
Your butterfly is poisoned.
Your butterfly dies!
Your butterfly disappears in a burst of colours!
The death yak gores you!!
* * * LOW HITPOINT WARNING * * *
The spriggan berserker is engulfed in a cloud of scalding steam.
The spriggan berserker closely misses you.
The swamp dragon bites you!
You die...

~~....♣*♣♣♣♣♣* .~~~.~
~~..~~~.♣♣~~~♣♣♣♣~~~..♣
, ♣..~.~...~♣.~~~w~~♣ ,
. *♣~~..~~....°~~~~~.♣
♣~♣♣♣~..~♣~~~.~~.)D~~.♣§
♣..~○☼○~.♣<..D..~~~~.~~.
♣.~.§°☼bi~~....).~..w.~.
~~~.○○DbYi.wX~~..X.~~~.~
~~~~...@in~§~~~~.†~~~~.~
~
§~..~..†v.b~b~~~~~.~~~~~
~ ~
~~~~.♣~♣...~°♣...♣.~~~§~
~~
~~~~.♣♣~~..§~♣♣♣♣♣♣~.~~~
~~. .~.~~~.~♣~♣ ~§~.~~~
, ~~. ♣..§§♣♣~~~..~ ♣.~~
* ~ ~~ ..~~. ♣~♣.~~§)
.~~ ..~~ ♣♣♣~~~~~~ .. ,
§§..* §~~~~., ~


You could see a tentacled monstrosity, a death yak (summoned, berserk), 2 swamp
dragons, a tyrant leech, a spriggan berserker (berserk, regenerating,
strong-willed), 2 spriggan druids, a will-o-the-wisp (ally target) and a bog
body (ally target).

Vanquished Creatures
  Nikola (Swamp:1)
  Gastronok (Lair:2)
  Aizul (Swamp:2)
  2 orc warlords
  2 eleionomae
  3 bunyips
  An ettin (Orc:2)
  Josephine (Lair:5)
  Fannar (D:10)
  7 hydras
  Erolcha (D:9)
  Erica (Orc:1)
  9 alligators
  3 ghost crabs
  2 boulder beetles
  Sonja (D:10)
  An orc high priest (Orc:2)
  Nergalle (Lair:2)
  2 goliath frogs
  A skyshark (Lair:3)
  3 swamp dragons
  2 spriggan druids
  2 bog bodies
  Pikel (D:8)
  A lindwurm (Lair:4)
  6 orc knights
  3 orc sorcerers (Orc:2)
  4 will-o-the-wisps
  An ugly thing (D:9)
  Joseph (D:8)
  10 elephants
  11 kobold blastminers
  Maggie (D:10)
  8 black mambas
  2 torpor snails
  26 cane toads
  3 komodo dragons
  4 rime drakes
  Jeremiah (D:8)
  4 trolls
  9 tyrant leeches
  A bloated husk (Swamp:1)
  6 polar bears
  16 blink frogs
  9 hornets
  2 shadows (D:10)
  9 spriggans
  56 yaks
  3 wraiths (Lair:5)
  4 wyverns
  4 wargs (Orc:2)
  3 basilisks
  4 steam dragons
  Grum (D:8)
  10 vampire mosquitoes
  9 swamp worms
  3 acid dragons
  11 water moccasins
  5 swamp drakes
  34 orc warriors
  A sky beast (D:8)
  8 ogres
  9 black bears
  4 wolves
  3 centaurs
  A kobold brigand (D:10)
  A lemure (D:8)
  A weeping skull (D:3)
  25 bullfrogs
  A gnoll sergeant (D:9)
  4 scorpions
  4 wights (D:9)
  5 killer bees (D:8)
  3 howler monkeys
  3 electric eels
  3 bombardier beetles
  2 hounds
  12 jellies
  21 orc priests
  A sleepcap (D:7)
  Jessica (D:2)
  5 iguanas
  17 orc wizards
  8 adders
  6 gnolls
  A shadow imp (D:8)
  A white imp (D:6)
  4 ufetubi
  2 dart slugs
  2 ribbon worms
  110 orcs
  8 endoplasms
  4 giant cockroaches
  4 goblins
  8 hobgoblins
  3 jackals (D:1)
  12 kobolds
  3 quokkas
  5 ball pythons
  5 bats
  4 frilled lizards
  3 rats
  A spectral orc (D:3)
664 creatures vanquished.

Vanquished Creatures (collateral kills)
  Jorgrun (Orc:1)
  An orc sorcerer (Orc:1)
  A black mamba (Lair:1)
  A blink frog (Lair:5)
  An orc warrior (Orc:1)
  A bullfrog (Lair:5)
  7 foxfires
13 creatures vanquished.

Vanquished Creatures (others)
  An orc (Orc:1)
  1635 foxfires
1636 creatures vanquished.

Grand Total: 2313 creatures vanquished

Notes
Turn   | Place    | Note
-------+----------+-------------------------------------------
     0 | D:1      | Conn the Octopode Fire Elementalist began the quest for the
                  | Orb.
     0 | D:1      | Reached XP level 1. HP: 11/11 MP: 3/3
   277 | D:1      | Reached XP level 2. HP: 17/17 MP: 0/5
   280 | D:1      | Learned a level 2 spell: Scorch
   630 | D:1      | Found Ummaimna's Distillery.
   913 | D:1      | Reached XP level 3. HP: 11/21 MP: 1/6
  1127 | D:1      | Learned a level 3 spell: Inner Flame
  1386 | D:2      | Noticed Jessica
  1392 | D:2      | Killed Jessica
  1507 | D:2      | Reached XP level 4. HP: 27/27 MP: 4/7
  1787 | D:2      | Noticed a scorpion
  1792 | D:2      | Killed a scorpion
  1793 | D:2      | Reached XP level 5. HP: 8/31 MP: 1/9
  2236 | D:3      | Found Ysuopt's Magic Scroll Shop.
  2239 | D:3      | Bought a scroll of fear for 56 gold pieces
  2239 | D:3      | Bought a scroll of identify for 28 gold pieces
  2514 | D:3      | Found a shadowy altar of Dithmenos.
  2973 | D:3      | Reached XP level 6. HP: 36/36 MP: 2/10
  3372 | D:3      | Found a basalt altar of Yredelemnul.
  3413 | D:4      | Reached skill level 1 in Hexes
  3572 | D:4      | Identified the +12 plate armour "Pes Dis" {rN+ Str+2}
  3837 | D:4      | Reached XP level 7. HP: 40/41 MP: 9/12
  4742 | D:5      | Entered Level 5 of the Dungeon
  4824 | D:5      | Reached skill level 5 in Stealth
  4968 | D:5      | Found Womnap's Antique Weapon Emporium.
  5298 | D:5      | Found an ornate altar of the Wu Jian Council.
  5496 | D:5      | Found Hioxkuca's Antique Armour Boutique.
  5756 | D:6      | Found a staircase to the Ecumenical Temple.
  5766 | Temple   | Found a transporter.
  5766 | Temple   | Found a transporter.
  5766 | Temple   | Found a transporter.
  5766 | Temple   | Found a transporter.
  5766 | Temple   | Entered the Ecumenical Temple
  5781 | Temple   | Became a worshipper of Sif Muna the Loreminder
  5821 | D:6      | Reached XP level 8. HP: 34/46 MP: 1/14
  6429 | D:6      | Reached skill level 5 in Conjurations
  6590 | D:6      | Reached skill level 5 in Spellcasting
  6745 | D:6      | Identified a scroll of acquirement
  6746 | D:6      | Acquired a book of Storms
  6753 | D:6      | Learned a level 4 spell: Flame Wave
  6756 | D:6      | Learned a level 2 spell: Blink
  6761 | D:6      | Learned a level 4 spell: Airstrike
  7044 | D:7      | Reached skill level 1 in Air Magic
  7044 | D:7      | Reached XP level 9. HP: 48/51 MP: 8/16
  7130 | D:7      | Found Fatisoc's Vocational Training.
  7280 | D:7      | Reached skill level 1 in Translocations
  7280 | D:7      | Reached skill level 5 in Fire Magic
  7345 | D:7      | Found a snail-covered altar of Cheibriados.
  7346 | D:7      | Found an opulent altar of Gozag.
  7346 | D:7      | Found a burning altar of Makhleb.
  7347 | D:7      | Found a sparkling altar of Nemelex Xobeh.
  7623 | D:7      | Found an iron altar of Okawaru.
  7704 | D:7      | Reached * piety under Sif Muna
  8225 | D:8      | Noticed Grum
  8408 | D:8      | Reached skill level 5 in Dodging
  8472 | D:8      | Noticed Jeremiah
  8484 | D:8      | Killed Jeremiah
  8490 | D:8      | Noticed Joseph
  8617 | D:9      | Reached skill level 1 in Invocations
  8932 | D:9      | Noticed a hornet
  8956 | D:9      | Killed a hornet
  8957 | D:9      | Reached skill level 1 in Fighting
  8957 | D:9      | Reached XP level 10. HP: 44/58 MP: 0/19
  9175 | D:9      | Noticed a white ugly thing
  9180 | D:9      | Killed a white ugly thing
  9194 | D:9      | Noticed Erolcha
  9202 | D:9      | Killed Erolcha
  9408 | D:9      | You fall into a shaft and drop 1 floor!
  9408 | D:10     | Entered Level 10 of the Dungeon
  9580 | D:10     | Reached ** piety under Sif Muna
  9950 | D:10     | Noticed Sonja
  9953 | D:10     | Killed Sonja
 10002 | D:10     | Noticed Fannar
 10013 | D:10     | Killed Fannar
 10014 | D:10     | Reached skill level 5 in Air Magic
 10014 | D:10     | Reached XP level 11. HP: 43/65 MP: 4/21
 10183 | D:10     | Noticed Maggie
 10193 | D:10     | Killed Maggie
 10328 | D:10     | Found a roughly hewn altar of Beogh.
 10328 | D:10     | Found a staircase to the Orcish Mines.
 11196 | D:9      | Found a white marble altar of Elyvilon.
 11379 | D:9      | Reached *** piety under Sif Muna
 11551 | D:8      | Killed Joseph
 11565 | D:8      | Killed Grum
 12143 | D:8      | Found a staircase to the Lair.
 12178 | D:8      | Noticed Pikel
 12183 | D:8      | Killed Pikel
 12184 | D:8      | Reached skill level 5 in Invocations
 12200 | D:8      | Gained mutation: You passively map a small area around you.
                  | [potion of mutation]
 12200 | D:8      | Gained mutation: You passively dampen the noise of your
                  | surroundings. [potion of mutation]
 12200 | D:8      | Gained mutation: You are clumsy. (Dex -2) [potion of
                  | mutation]
 12200 | D:8      | Gained mutation: Your skin blends seamlessly with your
                  | surroundings (Stealth++). [potion of mutation]
 12206 | D:8      | Learned a level 4 spell: Summon Lightning Spire
 12210 | D:8      | Learned a level 3 spell: Swiftness
 12584 | Lair:1   | Entered Level 1 of the Lair of Beasts
 12740 | Lair:1   | Reached skill level 1 in Summonings
 13047 | Lair:1   | Reached skill level 5 in Hexes
 13440 | Lair:1   | Reached XP level 12. HP: 73/73 MP: 6/23
 13762 | Lair:1   | Reached **** piety under Sif Muna
 14707 | Lair:2   | Noticed Gastronok
 14711 | Lair:2   | Killed Gastronok
 15114 | Lair:2   | Noticed a five-headed hydra
 15137 | Lair:2   | Killed a five-headed hydra
 15307 | Lair:2   | Noticed a six-headed hydra
 15315 | Lair:2   | Killed a six-headed hydra
 15930 | Lair:2   | Reached XP level 13. HP: 25/81 MP: 0/25
 16115 | Lair:2   | Noticed Nergalle
 16127 | Lair:2   | Killed Nergalle
 16573 | Lair:3   | Found a staircase to the Swamp.
 16763 | Lair:3   | Reached skill level 5 in Translocations
 17102 | Lair:3   | Identified the +10 shortbow of Plunder {drain, rN++ rCorr
                  | Str+3 Dex-2}
 17170 | Lair:3   | Reached skill level 5 in Summonings
 17398 | Lair:3   | Reached skill level 5 in Fighting
 17607 | Lair:3   | Found a transporter.
 17610 | Lair:3   | Found a transporter.
 17783 | Lair:3   | Found a hole to the Spider Nest.
 18521 | Lair:4   | Learned a level 6 spell: Starburst
 18982 | Lair:4   | Found a staircase to the Slime Pits.
 19199 | Lair:4   | Reached ***** piety under Sif Muna
 19916 | Lair:5   | Entered Level 5 of the Lair of Beasts
 19964 | Lair:5   | Reached skill level 10 in Conjurations
 19969 | Lair:5   | Reached XP level 14. HP: 75/88 MP: 4/27
 20120 | Lair:5   | Reached skill level 1 in Shields
 20219 | Lair:5   | Received a gift from Sif Muna
 20842 | Lair:5   | Identified the ring "Vituafos" {Fly rCorr MP+9 Str-3
                  | Stlth+}
 21825 | Lair:5   | Noticed Josephine
 21834 | Lair:5   | Killed Josephine
 21835 | Lair:5   | Reached skill level 10 in Spellcasting
 22714 | Orc:1    | Entered Level 1 of the Orcish Mines
 22717 | Orc:1    | Noticed Erica
 22718 | Orc:1    | Noticed an orc warlord
 22822 | Orc:1    | Killed an orc warlord
 22836 | Orc:1    | Received a gift from Sif Muna
 22837 | Orc:1    | Got Funluw's Compilation of Superposition {god gift}
 22844 | Orc:1    | Killed Erica
 23303 | Orc:1    | Noticed Jorgrun
 23314 | Orc:1    | Killed Jorgrun
 23449 | Orc:2    | Entered Level 2 of the Orcish Mines
 23456 | Orc:2    | Found a staircase to the Elven Halls.
 23528 | Orc:2    | Noticed an orc warlord
 23534 | Orc:2    | Found Ybiothrot's Antique Armour Shop.
 23535 | Orc:2    | Found Kyatun's Antique Weapon Boutique.
 23535 | Orc:2    | Found a roughly hewn altar of Beogh.
 23568 | Orc:2    | Killed an orc warlord
 23569 | Orc:2    | Reached XP level 15. HP: 39/95 MP: 2/29
 23987 | Orc:2    | Found a roughly hewn altar of Beogh.
 24070 | Orc:2    | Reached skill level 10 in Invocations
 24507 | Orc:2    | Found Leih's Book Shoppe.
 24584 | Orc:2    | Found a roughly hewn altar of Beogh.
 24734 | Orc:2    | Bought a manual of Dodging for 1200 gold pieces
 24774 | Orc:2    | Reached skill level 5 in Shields
 24938 | Orc:2    | Found a roughly hewn altar of Beogh.
 24942 | Orc:2    | Found Muxaetac's Antique Armour Shoppe.
 25197 | Orc:2    | Found a roughly hewn altar of Beogh.
 25281 | Orc:2    | Found a roughly hewn altar of Beogh.
 25289 | Orc:2    | Found Igilo's Armour Shop.
 25586 | Orc:2    | Found a roughly hewn altar of Beogh.
 26200 | Orc:2    | Learned a level 5 spell: Irradiate
 26399 | Swamp:1  | Entered Level 1 of the Swamp
 26413 | Swamp:1  | Noticed Nikola
 26433 | Swamp:1  | Killed Nikola
 26653 | Swamp:1  | Reached skill level 1 in Alchemy
 26653 | Swamp:1  | Received a gift from Sif Muna
 26654 | Swamp:1  | Got Sif Muna's Textbook on Burning Vapour {god gift}
 27979 | Swamp:2  | Identified the serpent talisman of a ziggurat {Int+2 Dex+2
                  | Slay-3}
 27979 | Swamp:2  | Noticed Aizul
 27989 | Swamp:2  | Killed Aizul
 27990 | Swamp:2  | Reached skill level 10 in Fire Magic
 28588 | Swamp:2  | Reached XP level 16. HP: 103/103 MP: 27/31
 28663 | Swamp:2  | Noticed Roxanne
 29554 | Swamp:3  | Noticed a tentacled monstrosity
 29557 | Swamp:3  | HP: 4/103 [death yak[a spriggan berserker] (22)]
 29558 | Swamp:3  | Mangled by a swamp dragon

Illustrated notes

Levels and vault maps discovered:
D:1:      roderic_octagonal_star, layout_basic, serial_shops, shop,
          chequers_jeans, minmay_distorted
D:2:      layout_loops_ring, uniq_jessica
D:3:      minmay_skewed_foursquare, layout_basic,
          nicolae_dithmenos_through_a_glass_darkly,
          yredelemnul_forgotten_temple_becter, serial_shops,
          nicolae_shop_rolled_up, kennysheep_generic_room_12
D:4:      layout_loops_ring
D:5:      layout_basic, lemuel_tele_altar, serial_shops, nicolae_diamond_shop,
          kennysheep_windowed_goal
D:6:      layout_loops_ring, temple_fountains
D:7:      layout_basic, chequers_temple_overflow_statue_of_worship,
          okawaru_gym_becter, nicolae_shop_vocational
D:8:      layout_cave_pools, lair_entry_dummy, mrwooster_statue_mirror,
          uniq_grum, uniq_joseph, uniq_pikel, uniq_jeremiah
D:9:      layout_loops_corners, kennysheep_mini, uniq_erolcha
D:10:     layout_irregular_city, david_orc_5, uniq_fannar, uniq_sonja,
          uniq_maggie
Temple:   hellmonk_temple_divided_pantheon
Lair:1:   beast_lair_carwin_large_3, layout_layer_cave,
          grunt_forest_small_clearing_treed, infiniplex_staircase_pool
Lair:2:   layout_regular_city, uniq_nergalle, uniq_gastronok
Lair:3:   gammafunk_boulding_lane, layout_concentric_octagons,
          nicolae_swamp_entry_splash_gauntlet, dummy_spider_entry
Lair:4:   layout_loops_ring, nicolae_slime_entry_slimehenge,
          grunt_forest_large_clearings
Lair:5:   minmay_lair_end_frog_pond, layout_regular_city, uniq_josephine
Swamp:1:  layout_basic_swamp, nicolae_swamp_dense_foliage, uniq_nikola
Swamp:2:  layout_basic_swamp, evilmike_swamp_ruin_house_1, swamp_pool_5,
          uniq_aizul, uniq_roxanne
Swamp:3:  layout_basic_swamp, nicolae_swamp_round_clearing, swamp_pool_3,
          uniq_mara
Orc:1:    layout_caves, uniq_jorgrun, uniq_erica
Orc:2:    grunt_orc_community_town_hall, layout_caves,
          grunt_orc_community_big_house_2, grunt_orc_community_big_house_2,
          grunt_orc_community_house_3, grunt_orc_community_house_2,
          grunt_orc_community_house_1, grunt_orc_community_house_3,
          grunt_orc_community_house_2, serial_shops, shop, minmay_orc_temple_b

Skill      XL: |  1  2  3  4  5  6  7  8  9 10 11 12 13 14 15 16 |
---------------+-------------------------------------------------+-----
Stealth        | 3 4 5 6 7 |  7.0
Conjurations   | 2 3 4 5 6 7 8 9 10 11 | 11.0
Dodging        | 3 4 5 6 7 8 9 |  9.7
Spellcasting   | 3 4 5 6 7 8 9 10 11 | 11.3
Hexes          | 1 2 3 4 5 6 |  6.2
Fire Magic     | 4 5 6 7 9 10 | 10.4
Air Magic      | 1 3 5 6 7 8 |  8.8
Translocations | 2 3 4 5 |  5.5
Invocations    | 1 4 5 7 8 9 10 11 | 11.2
Fighting       | 1 2 3 4 5 6 7 |  7.4
Summonings     | 2 4 5 |  5.4
Shields        | 4 6 |  6.7
Alchemy        | 2 |  2.5

Action                     |  1- 3 |  4- 6 |  7- 9 | 10-12 | 13-15 | 16-18 || total
---------------------------+-------+-------+-------+-------+-------+-------++-------
  Melee: Unarmed           |    10 |       |       |       |       |       ||    10
         Tentacles         |     7 |     5 |     8 |     6 |    26 |       ||    52
         Constrict         |     4 |     6 |     6 |     4 |    16 |       ||    36
         Dagger            |     9 |       |       |       |       |       ||     9
         Staff             |       |    17 |    34 |    21 |    88 |     1 ||   161
   Fire: Triple crossbow   |       |     5 |     1 |       |       |       ||     6
  Throw: Dart              |       |       |       |     8 |     8 |       ||    16
   Cast: Foxfire           |    33 |    83 |   115 |   233 |   456 |     3 ||   923
         Scorch            |     4 |    15 |    76 |    89 |   222 |       ||   406
         Inner Flame       |       |     1 |    10 |    40 |    35 |     1 ||    87
         Blink             |       |       |     3 |     1 |     5 |     1 ||    10
         Flame Wave        |       |       |     2 |    18 |    56 |       ||    76
         Summon Lightning  |       |       |       |     6 |     8 |     1 ||    15
         Airstrike         |       |       |       |     5 |    11 |     9 ||    25
         Starburst         |       |       |       |       |    90 |    24 ||   114
 Invoke: Channel Magic     |       |       |       |     1 |     8 |       ||     9
    Use: Scroll            |       |     8 |     6 |     6 |     7 |     5 ||    32
         Potion            |       |       |       |     3 |     7 |     1 ||    11
   Stab: Sleeping          |     1 |     1 |     2 |       |     4 |       ||     8
 Armour: Skin              |     9 |    13 |    44 |    48 |   180 |    14 ||   308
  Dodge: Dodged            |     8 |    11 |    71 |    88 |   244 |    14 ||   436
  Block: Other             |       |     5 |    20 |    27 |    61 |     7 ||   120
         Reflection        |       |       |     2 |     5 |     7 |       ||    14
         Kite shield       |       |       |       |       |    74 |       ||    74

Table legend: (Time is in decaauts)
 A = Elapsed time spent in this place.
 B = Non-inter-level travel time spent in this place.
 C = Inter-level travel time spent in this place.
 D = Time resting spent in this place.
 E = Time spent auto-exploring this place.
 F = Levels seen in this place.
 G = Mean time per level.
                   A        B        C        D        E       F      G
               +--------+--------+--------+--------+--------+-----+--------+
         Total |  29605 |  28638 |    967 |   1316 |  20441 |  21 | 1409.8 |
       Dungeon |  12973 |  12323 |    650 |    875 |   8784 |  10 | 1297.3 |
        Temple |     30 |     30 |      0 |      0 |      0 |   1 |   30.0 |
          Lair |  10132 |   9843 |    289 |    195 |   7391 |   5 | 2026.4 |
         Swamp |   3162 |   3162 |      0 |    170 |   2273 |   3 | 1054.0 |
  Orcish Mines |   3306 |   3280 |     26 |     76 |   1993 |   2 | 1653.0 |
               +--------+--------+--------+--------+--------+-----+--------+

Top non-repeatable levels by time:
  Lair:5: 2558 daAuts
   Orc:2: 2487 daAuts
  Lair:3: 2122 daAuts
  Lair:1: 2038 daAuts
    D:10: 1850 daAuts
     D:3: 1804 daAuts
  Lair:2: 1789 daAuts
  Lair:4: 1624 daAuts
 Swamp:1: 1571 daAuts
 Swamp:2: 1555 daAuts
     D:9: 1534 daAuts
     D:7: 1487 daAuts
     D:6: 1207 daAuts
     D:1: 1195 daAuts
     D:8: 1077 daAuts
